 Dungeon Crawl Stone Soup version 0.31-a0-4-gefa6de2278 (webtiles) character file.

Game seed: 8291622029185582595

6 Mesmaeker13 the Insei (level 1, 0/13 HPs)
             Began as an Octopode Transmuter on May 3, 2023.
             Frozen to death by an endoplasm (4 damage)
             ... on level 1 of the Dungeon.
             The game lasted 00:00:13 (145 turns).

Mesmaeker13 the Insei (Octopode Transmuter)          Turns: 145, Time: 00:00:13

Health: 0/13       AC:  1    Str:  9    XL:     1   Next: 90%
Magic:  3/3        EV: 13    Int: 15    God:
Gold:   0          SH:  0    Dex: 12    Spells: 3/4 levels left

rFire   . .          .
                       - Unarmed
rCold   . . .        (no shield)
rNeg    . . .        (helmet restricted)
rPois   .            (no amulet)
rElec   .            (no ring)
rCorr   .            (no ring)
SInv    .            (no ring)
Will    .....        (no ring)
Stlth   ++           (no ring)
HPRegen 0.22/turn    (no ring)
MPRegen 0.08/turn    (no ring)
                     (no ring)

%: no passive effects
@: no status effects
A: almost no armour, amphibious, 8 rings, camouflage 1, gelatinous body 1,
(nimble swimmer 1), tentacles
a: no special abilities


You were on level 1 of the Dungeon.
You visited 1 branch of the dungeon, and saw 1 of its levels.

Inventory:

Potions
 a - a potion of lignification


   Skills:
 + Level 1.3 Fighting
 - Level 2.0 Dodging
 + Level 3.1 Unarmed Combat
 - Level 2.0 Spellcasting
 + Level 2.2 Transmutations


You had 3 spell levels left.
You knew the following spells:

 Your Spells              Type           Power      Damage    Failure   Level
a - Beastly Appendage     Tmut           16%        N/A       9%          1

Your spell library contained the following spells:

 Spells                   Type           Power      Damage    Failure   Level
 Wereblood                Tmut           8%         N/A       14%         2
 Spider Form              Tmut/Pois      4%         N/A       38%         3
 Ice Form                 Ice/Tmut       4%         N/A       80%         4


Dungeon Overview and Level Annotations

Branches:
Dungeon (1/15)

Altars:


Innate Abilities, Weirdness & Mutations

You cannot wear most types of armour.
You are amphibious.
You can wear up to eight rings at the same time.
Your skin changes colour to match your surroundings (Stealth+).
Your rubbery body absorbs attacks. (AC +1, EV +1)
((You are camouflaged when in or above water. (Stealth+)))
You have tentacles for arms and can constrict up to eight enemies at once.


Message History

The jackal attacks as you move away! The jackal closely misses you.
The goblin attacks as you move away! The goblin closely misses you.
The jackal attacks as you move away! The jackal bites you.
There is an open door here.
You barely miss the goblin. You grab the goblin. You squeeze the goblin.
You kill the goblin!
Your transformation is almost over.
You tentacle-slap the jackal. Your grab misses the jackal.
The jackal is moderately wounded.
The jackal closely misses you.
You tentacle-slap the jackal. You grab the jackal.
You pierce the jackal, but do no damage.
The jackal is almost dead.
You constrict the jackal, but do no damage.
The jackal closely misses you.
You tentacle-slap the jackal.
You kill the jackal!
An endoplasm comes into view.
The jackal misses you.
The endoplasm quivers.
You tentacle-slap the jackal. Your grab misses the jackal.
You pierce the jackal, but do no damage.
You squeeze the jackal.
You kill the jackal!
You tentacle-slap the jackal.
You kill the jackal!
Things that are here:
a +0 club; a jackal corpse; a jackal corpse You tentacle-slap the endoplasm.
The endoplasm is heavily wounded.
The endoplasm freezes you.
You are frozen.
You are too injured to fight recklessly!
You are too injured to fight recklessly!
You tentacle-slap the endoplasm.
The endoplasm is severely wounded.
Your tentacle spike disappears.
The endoplasm freezes you.
You are frozen.
You die...

########
......
.....###
#......###
#.........
+.....#...
#.......#
#.J...#
#.@...#
##)##.#
#####'# ..
#(....#
...
#.....# ..
#.<##.# .
#.....#
#.....#
#######


You could see an endoplasm.

Vanquished Creatures
  4 jackals (D:1)
  A goblin (D:1)
5 creatures vanquished.

Notes
Turn   | Place    | Note
-------+----------+-------------------------------------------
     0 | D:1      | Mesmaeker13 the Octopode Transmuter began the quest for the
                  | Orb.
     0 | D:1      | Reached XP level 1. HP: 13/13 MP: 3/3
   145 | D:1      | Frozen to death by an endoplasm

Illustrated notes

Levels and vault maps discovered:
D:1:      dpeg_arrival_rooms_b, layout_rooms, serial_co_window_serial,
          co_window_of_opportunity_a, co_window_of_opportunity_a,
          co_window_corner_a, co_window_paths_b, co_window_paths_b,
          co_window_corner_a, co_window_broadway_b, co_window_broadway_a,
          co_window_corner_ca, co_window_cross_3, co_window_unsneaky_path_c,
          glass_columns_b, glass_columns_a, glass_columns_a

Action                     || total
---------------------------++-------
  Melee: Unarmed           ||    13
         Constrict         ||     3
         Kick              ||     3
         Tentacles         ||     2
   Cast: Beastly Appendage ||     2
 Armour: Skin              ||     1
  Dodge: Dodged            ||    10

Table legend: (Time is in decaauts)
 A = Elapsed time spent in this place.
 B = Non-inter-level travel time spent in this place.
 C = Inter-level travel time spent in this place.
 D = Time resting spent in this place.
 E = Time spent auto-exploring this place.
 F = Levels seen in this place.
 G = Mean time per level.
                   A        B        C        D        E       F      G
               +--------+--------+--------+--------+--------+-----+--------+
         Total |    144 |    144 |      0 |    103 |      6 |   1 |  144.0 |
       Dungeon |    144 |    144 |      0 |    103 |      6 |   1 |  144.0 |
               +--------+--------+--------+--------+--------+-----+--------+

Top non-repeatable levels by time:
     D:1: 144 daAuts
